 Dungeon Crawl Stone Soup version 0.12.3 (console) character file.

705 Lightli the Fighter (level 7, -5/54 HPs)
             Began as a Sludge Elf Gladiator on Aug 23, 2022.
             Slain by Grinder (9 damage)
             ... on Level 4 of the Dungeon.
             The game lasted 00:10:19 (4208 turns).

Lightli the Fighter (Sludge Elf Gladiator)          Turns: 4208, Time: 00:10:19

HP  -5/54        AC  7     Str 17      XL: 7   Next:  1%
MP   8/8         EV 18     Int  9      God:
Gold 269         SH  0     Dex 20      Spells:  0 memorised,  6 levels left

Res.Fire  : . . .   See Invis. : .   a - +0,+1 elf falchion
Res.Cold  : . . .   Warding    : .   b - +0 elf leather armour
Life Prot.: . . .   Conserve   : .   (no shield)
Res.Poison: .       Res.Corr.  : .   c - +0 helmet
Res.Elec. : .       Clarity    : .   (no cloak)
Sust.Abil.: . .     Spirit.Shd : .   r - +2 pair of gauntlets
Res.Mut.  : .       Stasis     : .   (no boots)
Res.Rott. : .       Ctrl.Telep.: .   (no amulet)
Saprovore : . . .   Flight     : .   (no ring)
                                     (no ring)

@: agile, slightly resistant to hostile enchantments, stealthy
A: no striking features
a: no special abilities


You were on level 4 of the Dungeon.
You were not hungry.

You visited 1 branch of the dungeon, and saw 5 of its levels.

You collected 249 gold pieces.

Inventory:

Hand weapons
 a - a +0,+1 elven falchion (weapon)
Missiles
 x - a throwing net [frayed] (quivered)
Armour
 b - a +0 elven leather armour (worn)
 c - a +0 helmet (worn)
 r - a +2 pair of gauntlets (worn)
Comestibles
 f - 3 bread rations
 i - 2 apples
 s - a meat ration
Scrolls
 e - 2 scrolls of magic mapping {unknown}
 g - 2 scrolls of enchant weapon II
 k - a scroll of curse jewellery {unknown}
 l - a scroll of enchant weapon I {unknown}
 n - a scroll of amnesia {unknown}
 o - a scroll of remove curse {unknown}
 v - a scroll of blinking {unknown}
Potions
 j - 2 potions of brilliance
 q - a potion of curing
 t - a potion of slowing
 w - 2 potions of cure mutation


   Skills:
 - Level 12.0 Fighting
 + Level 5.7 Long Blades
 - Level 2.4 Throwing
 - Level 3.6 Dodging


You had 6 spell levels left.
You didn't know any spells.

Dungeon Overview and Level Annotations

Branches:
Dungeon (5/27)
 Temple: D:4-7

Altars:

Annotations
D:4 Grinder
D:5 Fv001's ghost, experienced MiFi


Message History

You suddenly lose the ability to move!
Grinder gestures at you. Pain shoots through your body!
Grinder gestures at you. Pain shoots through your body!
The ogre hits you with a great mace! Grinder hits you.
You writhe in agony.
* * * LOW HITPOINT WARNING * * *
The ogre hits you with a great mace!
* * * LOW HITPOINT WARNING * * *
Grinder gestures at you. You resist. The ogre hits you with a great mace.
* * * LOW HITPOINT WARNING * * *
Grinder hits you but does no damage.
You can move again.
The ogre hits you with a great mace.
* * * LOW HITPOINT WARNING * * *
There is a stone staircase leading down here.
Grinder hits you!
You die...

.........<.........#
......................##
........................#
#.......................#
#.......................#
###......................###
#..............O...........#
#..............5...........#
#..............@...........#
##.......................####
#.......................##
........................#
........................##
.........................#
.........................####
............................#
(...%.......................#


You could see Grinder and an ogre.

Vanquished Creatures
  The ghost of Lightli the Slasher, an average SEFi (D:3)
  An iguana (D:4)
  A jelly (D:5)
  Terence (D:3)
  5 adders
  A giant mite (D:2)
  A worm (D:4)
  5 giant geckos
  An ooze (D:2)
  5 orcs
  3 ball pythons
  16 bats
  A giant cockroach (D:2)
  9 hobgoblins
  8 kobolds
  2 quokkas
  5 giant newts
  8 goblins
  8 rats
82 creatures vanquished.

Vanquished Creatures (others)
  A goblin (D:2)
1 creature vanquished.

Grand Total: 83 creatures vanquished

Notes
Turn   | Place    | Note
--------------------------------------------------------------
     0 | D:1      | Lightli, the Sludge Elf Gladiator, began the quest for the Orb.
     0 | D:1      | Reached XP level 1. HP: 15/15 MP: 0/0
    85 | D:1      | Reached XP level 2. HP: 17/20 MP: 2/2
   344 | D:1      | Reached XP level 3. HP: 11/25 MP: 3/3
   864 | D:2      | Reached skill level 4 in Long Blades
  1058 | D:2      | Reached XP level 4. HP: 16/31 MP: 4/4
  1956 | D:3      | Noticed Terence
  1976 | D:3      | Killed Terence
  1976 | D:3      | Reached skill level 5 in Long Blades
  1976 | D:3      | Reached XP level 5. HP: 18/36 MP: 6/6
  2473 | D:3      | Noticed Lightli's ghost (average SEFi)
  2732 | D:4      | Noticed Grinder
  2735 | D:4      | okay then
  2759 | D:4      | Reached skill level 12 in Fighting
  2759 | D:4      | Reached XP level 6. HP: 39/48 MP: 7/7
  2825 | D:4      | Noticed an ogre
  3045 | D:3      | Killed Lightli's ghost
  3278 | D:4      | Noticed an ogre
  3756 | D:5      | Entered Level 5 of the Dungeon
  3979 | D:5      | Reached XP level 7. HP: 24/54 MP: 8/8
  3986 | D:5      | Noticed Fv001's ghost (experienced MiFi)
  3996 | D:4      | Paralysed by Grinder for 4 turns
  4189 | D:4      | Paralysed by Grinder for 7 turns
  4198 | D:4      | Paralysed by Grinder for 7 turns
  4208 | D:4      | Slain by Grinder

Action                   |  1- 3 |  4- 6 |  7- 9 || total
-------------------------+-------+-------+-------++-------
Melee: Falchion          |   141 |   191 |     2 ||   334
       Dagger            |       |    13 |       ||    13
Throw: Throwing net      |       |     3 |       ||     3
  Use: Potion            |       |     6 |     1 ||     7
       Scroll            |       |     6 |     2 ||     8
 Stab: Sleeping          |     1 |     2 |       ||     3
